AoeStats
← ben6496

Highland

504047583Analyzed
3v3 RM · 29d ago on Sep 3, 2026· 80m 40s· 6 players
Game mode
Random Map
Map size
Normal (6 player)
Population
200
Speed
Normal
Resources
Standard
Victory
Conquest
Starting age
Dark Age
Ending age
Imperial Age
RankedLock teamsTeams togetherTeam positionsShared explorationLock speedFull tech treeHidden civsTurbo modeCheats
Victory
Defeat
🇩🇪 Romans · Germany
893
+16
🇩🇪 Persians · Germany
889
+16
🇩🇪 Spanish · Germany
888
+16
🇬🇧 Britons · United Kingdom
956
-19
🇬🇧 Berbers · United Kingdom
933
-18
🇬🇧 Persians · United Kingdom
788
-11
blablaxx
6:41 Loom
9:06 Feudal Age
9:30 Double-Bit Axe
14:41 Horse Collar
19:08 Gold Mining
21:31 Bloodlines
26:57 Castle Age
26:32 Forging
26:28 Scale Barding Armor
26:46 Light Cavalry
27:27 Husbandry
31:23 Medium Warships
32:32 Iron Casting
37:14 Bow Saw
37:18 Demolition Ship
39:53 Town Watch
42:20 Ballistics
43:27 Wheelbarrow
44:21 Town Patrol
43:45 Crossbowman
50:01 Imperial Age
49:37 Kamandaran
51:23 Heavy Warships
50:41 Cavalier
50:42 Hussar
50:42 Heavy Camel Rider
53:59 Thumb Ring
54:22 Chain Barding Armor
57:31 Blast Furnace
57:06 Plate Barding Armor
58:27 Hand Cart
58:05 Fletching
58:15 Padded Archer Armor
57:45 Savar
58:54 Citadels
62:36 Gold Shaft Mining
61:52 Stone Mining
63:04 Bodkin Arrow
69:00 Caravan
75:27 Leather Archer Armor
75:21 Murder Holes
Majormarvin
12:05 Feudal Age
12:46 Man-at-Arms
14:33 Scale Mail Armor
16:16 Forging
20:16 Horse Collar
21:43 Double-Bit Axe
27:24 Wheelbarrow
29:09 Castle Age
27:45 Wheelbarrow
30:28 Chain Mail Armor
30:48 Iron Casting
30:16 Heavy Plow
30:28 Bow Saw
30:15 Gold Mining
30:15 Stone Mining
30:10 Elite Skirmisher
36:32 Fletching
36:42 Padded Archer Armor
39:54 Caravan
42:13 Ballistics
42:05 Fortified Wall
42:06 Masonry
41:53 Murder Holes
41:50 Guard Tower
41:45 Long Swordsman
42:29 Squires
45:52 Imperial Age
44:00 Leather Archer Armor
45:23 Ballistas
48:51 Legionary
50:34 Blast Furnace
49:32 Bodkin Arrow
50:50 Crop Rotation
50:17 Heavy Scorpion
52:15 Chemistry
53:48 Conscription
57:02 Leather Archer Armor
57:24 Hand Cart
62:52 Comitatenses
Smoothi
11:44 Feudal Age
12:55 Double-Bit Axe
12:52 Horse Collar
16:07 Gold Mining
16:23 Fishing Lines
20:06 Castle Age
21:34 Bow Saw
21:57 Medium Warships
24:08 Caravan
25:53 Stone Mining
26:07 Heavy Plow
26:58 Pikeman
27:39 Squires
29:28 Stone Shaft Mining
30:01 Ballistics
33:32 Imperial Age
34:05 Masonry
35:39 Wheelbarrow
34:49 Loom
34:50 Town Watch
36:32 Two-Man Saw
35:59 Capped Ram
36:03 Halberdier
37:32 Elite Conquistador
38:40 Scale Mail Armor
38:51 Forging
38:52 Arrowslits
39:29 Siege Ram
41:57 Hoardings
44:07 Fletching
44:52 Iron Casting
44:33 Chain Mail Armor
44:23 Scale Barding Armor
45:43 Hand Cart
45:28 Town Patrol
46:13 Onager
49:32 Inquisition
49:54 Supremacy
51:30 Chemistry
59:06 Plate Mail Armor
59:37 Blast Furnace
58:57 Chain Barding Armor
58:33 Bodkin Arrow
58:39 Padded Archer Armor
58:36 Elite Cannon Galleon
58:55 Cavalier
59:37 Husbandry
69:24 Bracer
70:00 Plate Barding Armor
69:41 Leather Archer Armor
69:25 Murder Holes
75:58 Paladin
Tabsky ಠ_ಠ
9:14 Loom
11:07 Feudal Age
12:43 Double-Bit Axe
12:40 Horse Collar
16:13 Man-at-Arms
20:12 Castle Age
19:23 Fletching
19:40 Scale Barding Armor
20:26 Forging
22:06 Husbandry
22:58 Crossbowman
26:27 Padded Archer Armor
27:54 Bodkin Arrow
28:36 Iron Casting
30:41 Bow Saw
31:40 Leather Archer Armor
32:05 Chain Barding Armor
33:55 Ballistics
36:18 Bloodlines
36:41 Light Cavalry
38:01 Scale Mail Armor
39:30 Wheelbarrow
42:08 Town Watch
43:41 Hand Cart
44:45 Thumb Ring
47:24 Chain Mail Armor
50:05 Imperial Age
50:11 Capped Ram
51:20 Hussar
52:03 Bracer
52:41 Plate Barding Armor
53:13 Blast Furnace
52:18 Bracer
52:49 Ring Archer Armor
54:20 Conscription
55:52 Pikeman
56:32 Squires
57:04 Plate Mail Armor
57:48 Cavalier
57:53 Heavy Camel Rider
60:37 Chemistry
59:17 Treadmill Crane
59:44 Siege Engineers
59:34 Murder Holes
73:03 Cavalier
ben6496
12:07 Feudal Age
13:24 Double-Bit Axe
15:42 Gold Mining
16:45 Fletching
16:56 Scale Mail Armor
21:12 Horse Collar
22:53 Padded Archer Armor
23:04 Forging
28:31 Castle Age
30:49 Medium Warships
30:14 Crossbowman
32:18 Bodkin Arrow
33:14 Pikeman
36:15 Bow Saw
35:57 Stone Mining
37:12 Gold Shaft Mining
38:44 Yeomen
39:24 Wheelbarrow
38:41 Loom
39:32 Leather Archer Armor
41:02 Iron Casting
40:43 Chain Mail Armor
41:06 Ballistics
41:49 Heavy Plow
42:13 Hand Cart
41:46 Town Watch
42:31 Caravan
43:22 Town Patrol
44:45 Squires
47:32 Imperial Age
48:11 Arbalester
49:03 Bracer
49:34 Plate Mail Armor
49:14 Halberdier
51:08 Heavy Warships
50:52 Elite Genitour
55:37 Ring Archer Armor
56:07 Blast Furnace
55:39 Conscription
59:42 Warwolf
64:51 Two-Man Saw
64:12 Elite Longbowman
72:47 Arson
sheepnumber12
5:27 Loom
12:17 Feudal Age
12:43 Horse Collar
12:52 Double-Bit Axe
21:41 Castle Age
27:16 Heavy Plow
27:11 Fletching
27:23 Padded Archer Armor
31:02 Kamandaran
36:14 Imperial Age
34:29 Town Watch
38:10 Forging
38:01 Bodkin Arrow
39:12 Wheelbarrow
40:08 Crossbowman
41:48 Bow Saw
42:20 Crop Rotation
46:03 Two-Man Saw
47:17 Thumb Ring
48:15 Hand Cart
48:14 Forging
48:21 Leather Archer Armor
48:11 Scale Barding Armor
51:15 Ballistics
51:55 Chemistry
51:29 Ring Archer Armor
51:34 Iron Casting
54:33 Heavy Scorpion
56:19 Blast Furnace
57:44 Cavalier
58:24 Husbandry
58:36 Bloodlines
60:05 Elite War Elephant
61:10 Conscription
63:17 Savar
66:09 Chain Barding Armor
72:17 Heavy Camel Rider
Connection lost

Rejoining the realm…

Still unreachable

The connection could not be restored.

Session expired

The server has moved on; the page needs a fresh start.